AoeStats
← Morris=w=

African Clearing

510365244Analyzed
4v4 RM · 2d ago on Sep 30, 2026· 54m 54s· 8 players
Game mode
Random Map
Map size
Large (8 player)
Population
200
Speed
Normal
Resources
Standard
Victory
Conquest
Starting age
Dark Age
Ending age
Imperial Age
RankedLock teamsTeams togetherTeam positionsShared explorationLock speedFull tech treeHidden civsTurbo modeCheats
Victory
Defeat
🇩🇪 Berbers · Germany
1550
+19
🇵🇰 Spanish · Pakistan
1521
+20
🇫🇮 Vietnamese · Finland
1519
+20
🇺🇾 Mongols · Uruguay
1515
+21
🇮🇳 Varangians · India
1734
-25
🇨🇦 Malians · Canada
1601
-19
🇭🇰 Danes · Hong Kong SAR China
1590
-19
🇲🇽 Varangians · Mexico
1544
-17
CAXCAN
5:57 Loom
14:25 Feudal Age
15:13 Double-Bit Axe
15:33 Gold Mining
18:09 Castle Age
16:54 Bloodlines
19:03 Husbandry
23:16 Scale Barding Armor
24:26 Chain Barding Armor
34:44 Horse Collar
35:15 Squires
35:17 Scale Mail Armor
35:35 Gambesons
38:55 Chain Mail Armor
39:13 Arson
40:11 Forging
42:25 Wheelbarrow
43:47 Iron Casting
44:56 Hand Cart
48:34 Imperial Age
46:32 Elite Skirmisher
47:06 Fletching
47:17 Padded Archer Armor
48:28 Bodkin Arrow
48:49 Leather Archer Armor
48:57 Bow Saw
48:50 Heavy Plow
49:22 Bracer
49:08 Capped Ram
51:41 Ring Archer Armor
52:13 Chemistry
51:24 Siege Ram
51:42 Light Cavalry
55:27 Blast Furnace
55:03 Plate Barding Armor
53:51 Hussar
Billy Bathgate
12:35 Feudal Age
11:15 Loom
16:08 Castle Age
14:31 Double-Bit Axe
17:20 Bow Saw
21:23 Forging
21:13 Scale Mail Armor
23:53 Scale Mail Armor
25:20 Squires
25:05 Arson
28:19 Town Watch
39:15 Fletching
40:08 Horse Collar
42:25 Chain Mail Armor
42:46 Iron Casting
43:16 Iron Casting
46:09 Wheelbarrow
46:24 Bodkin Arrow
47:27 Ballistics
Morris=w=
10:18 Loom
12:57 Feudal Age
17:31 Castle Age
17:24 Fletching
18:00 Double-Bit Axe
21:06 Bodkin Arrow
27:07 Ballistics
29:20 Padded Archer Armor
29:56 Horse Collar
32:46 Husbandry
36:28 Wheelbarrow
35:56 Town Watch
37:48 Gold Mining
37:49 Stone Mining
38:02 Heavy Plow
40:53 Imperial Age
38:53 Squires
38:38 Gambesons
38:58 Scale Mail Armor
39:09 Forging
40:03 Hand Cart
40:50 Chain Mail Armor
41:57 Conscription
41:51 Heavy Scorpion
44:45 Chemistry
44:26 Plate Mail Armor
45:10 Gold Shaft Mining
45:04 Elite Skirmisher
46:06 Siege Engineers
46:34 Coinage
46:49 Bracer
47:24 Iron Casting
47:36 Elite Jomsviking
48:34 Hamask
48:55 Pikeman
51:27 Halberdier
53:05 Capped Ram
Zni.Kark01
3:43 Loom
27:12 Feudal Age
27:48 Double-Bit Axe
33:13 Castle Age
31:34 Fishing Lines
32:16 Town Watch
32:58 Stone Mining
34:45 Fletching
39:00 Wheelbarrow
43:17 Bow Saw
44:31 Scale Barding Armor
45:24 Bloodlines
Erg_Raider
9:11 Loom
14:32 Feudal Age
18:05 Castle Age
15:53 Double-Bit Axe
17:48 Fletching
19:03 Bow Saw
19:23 Bodkin Arrow
23:30 Wheelbarrow
25:28 Ballistics
30:20 Fishing Lines
32:22 Husbandry
32:32 Bloodlines
33:34 Padded Archer Armor
33:51 Hand Cart
34:11 Gillnets
38:51 Imperial Age
36:39 Gold Mining
36:39 Stone Mining
36:45 Stone Mining
37:08 Light Cavalry
39:54 Bracer
40:56 Chemistry
40:32 Conscription
40:46 Hussar
41:33 Scale Barding Armor
41:47 Thumb Ring
41:25 Elite Camel Archer
42:04 Horse Collar
46:48 Chain Barding Armor
47:00 Heavy Plow
48:22 Plate Barding Armor
47:59 Forging
52:47 Iron Casting
52:52 Kasbah
53:20 Leather Archer Armor
56:06 Blast Furnace
56:01 Ring Archer Armor
FMG | Shachath
11:10 Feudal Age
12:38 Loom
16:06 Castle Age
14:17 Double-Bit Axe
17:24 Bow Saw
17:26 Fletching
21:57 Bodkin Arrow
29:36 Ballistics
33:52 Husbandry
39:17 Bloodlines
39:57 Wheelbarrow
40:25 Gold Mining
40:25 Stone Mining
43:41 Imperial Age
44:21 Bracer
45:23 Chemistry
44:43 Padded Archer Armor
44:57 Elite Mangudai
46:10 Thumb Ring
46:36 Leather Archer Armor
47:20 Conscription
47:07 Scale Barding Armor
48:43 Chain Barding Armor
48:33 Forging
47:47 Capped Ram
47:58 Light Cavalry
49:33 Conscription
49:06 Siege Ram
51:52 Iron Casting
53:45 Blast Furnace
53:37 Hussar
55:19 Parthian Tactics
Zaissi
10:08 Loom
23:40 Feudal Age
29:47 Castle Age
34:31 Double-Bit Axe
34:32 Horse Collar
35:03 Heavy Plow
35:13 Bow Saw
37:42 Gold Mining
40:00 Stone Mining
40:09 Fletching
40:44 Bodkin Arrow
42:37 Stone Shaft Mining
42:46 Wheelbarrow
44:48 Ballistics
45:03 Padded Archer Armor
48:40 Imperial Age
46:25 Hand Cart
48:16 Leather Archer Armor
48:48 Elite Rattan Archer
49:01 Elite Rattan Archer
50:47 Ring Archer Armor
50:28 Town Watch
53:12 Bracer
54:13 Chemistry
53:19 Siege Engineers
53:52 Paper Money
53:35 Scale Mail Armor
53:45 Forging
53:36 Squires
52:56 Pikeman
53:22 Arson
54:40 Two-Man Saw
54:10 Crop Rotation
53:53 Masonry
53:24 Treadmill Crane
Leviツ
13:01 Feudal Age
17:00 Castle Age
16:33 Double-Bit Axe
17:54 Bow Saw
18:07 Padded Archer Armor
23:34 Gold Mining
39:44 Fletching
41:07 Loom
48:54 Wheelbarrow
48:13 Horse Collar
49:35 Heavy Plow
49:25 Gold Mining
53:38 Imperial Age
51:37 Bloodlines
51:36 Scale Barding Armor
52:37 Chain Barding Armor
52:31 Husbandry
55:15 Plate Barding Armor
54:02 Cavalier
Connection lost

Rejoining the realm…

Still unreachable

The connection could not be restored.

Session expired

The server has moved on; the page needs a fresh start.